 Dungeon Crawl Stone Soup version 0.29.0-4-gdea44cf6ec (webtiles) character file.

Game seed: 4704202271446026119

116603 qw the Severer (level 16, 0/110 HPs)
             Began as a Gargoyle Berserker on Sept 4, 2022.
             Was an Elder of Trog.
             Hit by a silver javelin thrown by a merfolk javelineer (3 damage)
             ... on level 3 of the Shoals.
             The game lasted 00:12:08 (28893 turns).

qw the Severer (Gargoyle Berserker)                Turns: 28893, Time: 00:12:09

Health: 0/110      AC: 47    Str: 40    XL:     16   Next: 71%
Magic:  16/16      EV:  9    Int:  8    God:    Trog [****..]
Gold:   2664       SH: 13    Dex:  9    Spells: 15/15 levels left

rFire   . . .      SeeInvis .   Y - +7 war axe (freeze)
rCold   . . .      Faith    .   p - +1 kite shield {AC+3}
rNeg    + . .      Spirit   .   h - +3 plate armour
rPois   inf        Reflect  .   m - +0 helmet of the Intense Slorg {Str+5}
rElec   +          Harm     .   (no cloak)
rCorr   .          Rampage  .   l - +2 pair of gloves
Will    +....                   i - +2 pair of boots
Stlth   ..........              b - amulet of regeneration
HPRegen 1.08/turn               t - +4 ring of protection
MPRegen 0.15/turn               e - +6 ring of strength

@: about to teleport, on berserk cooldown, flying, slowed, very slow
A: sickness immunity, AC +12, big wings, negative energy resistance 1,
electricity resistance, torment resistance 1, petrification resistance
a: Renounce Religion, Berserk, Trog's Hand, Brothers in Arms


You were on level 3 of the Shoals.
You worshipped Trog.
Trog was greatly pleased with you.
You visited 4 branches of the dungeon, and saw 25 of its levels.

You collected 3273 gold pieces.
You spent 609 gold pieces at shops.


Innate Abilities, Weirdness & Mutations

You are immune to sickness and miasma.
Your stone body is resilient. (AC +12)
You are immune to poison.
Your large and strong wings let you fly.
You resist negative energy. (rN+)
You are resistant to electric shocks. (rElec)
You are resistant to unholy torment.
You are immune to petrification.


   Skills:
 - Level 16.0 Fighting
 - Level 16.0 Axes
 - Level 5.3 Throwing
 - Level 14.6 Armour
 - Level 4.0 Dodging
 + Level 13.9 Shields


You had 15 spell levels left.
You didn't know any spells.
Your spell library was empty.

Inventory:

Hand Weapons
 a - a +1 vampiric morningstar
 Y - a +7 war axe of freezing (weapon)
Missiles
 r - a silver boomerang (quivered)
 s - 17 boomerangs
Armour
 h - a +3 plate armour (worn)
 i - a +2 pair of boots (worn)
 l - a +2 pair of gloves (worn)
 m - the +0 helmet of the Intense Slorg (worn) {Str+5}
   (You found it on level 3 of the Dungeon)

   Str:       It affects your strength (+5).
 p - a +1 kite shield of protection (worn)
Jewellery
 b - an amulet of regeneration (around neck)
 e - a +6 ring of strength (right hand)
 n - a ring of fire
 t - a +4 ring of protection (left hand)
Scrolls
 j - 14 scrolls of identify
 o - 5 scrolls of teleportation
Potions
 c - 4 potions of mutation
 d - a potion of resistance
 f - 3 potions of might
 g - 13 potions of curing
 k - 8 potions of heal wounds
 q - 3 potions of cancellation
 u - a potion of haste

Dungeon Overview and Level Annotations

Branches:
Dungeon (15/15)            Temple (0/1) D:7            Lair (5/5) D:11
 Shoals (3/4) Lair:2        Snake (0/4) Lair:3        Slime (0/5) Lair:5
    Orc (2/2) D:9             Elf (0/3) Orc:2        Vaults (0/5) D:14
 Depths (0/4) D:15

Altars:
Cheibriados
Hepliaklqana
Kikubaaqudgha
Makhleb
Jiyva

Shops:
D:3 (   D:4 (   Orc:2 ?*??

Portals:
Hell: Lair:5
Trove: D:14 (give 2 scrolls of acquirement)

Annotations:
D:3 2 transporters, qw's ghost, amateur FoCA
D:6 2 runed translucent doors, qw's ghost, novice TrCA
D:10 1 runed translucent door, qw's ghost, novice TrCA
D:12 4 runed translucent doors
D:15 2 transporters, Ywyitsex's ghost, journeyman TrCA


Message History

The merfolk javelineer throws a silver javelin.
The silver javelin pierces through you but does no damage.
The faun shoots a sling bullet.
The sling bullet closely misses you.
Found a book of Flames.
The merfolk hits you but does no damage.
The merfolk misses you.
The merfolk javelineer throws a silver javelin.
The silver javelin pierces through you.
The merfolk hits you but does no damage.
The merfolk hits you with a +0 trident!
You see here a +0 trident.
You slash the merfolk javelineer! You freeze the merfolk javelineer.
The merfolk javelineer is lightly wounded.
You completely miss the merfolk.
The merfolk javelineer throws a silver javelin.
The silver javelin pierces through you but does no damage.
The merfolk misses you.
The merfolk hits you but does no damage.
The merfolk javelineer throws a silver javelin.
The silver javelin pierces through you!
You slash the merfolk javelineer! You freeze the merfolk javelineer.
The merfolk javelineer is heavily wounded.
You slash the merfolk! You freeze the merfolk. You block the merfolk's attack.
The merfolk barely misses you.
The merfolk javelineer throws a silver javelin.
The silver javelin pierces through you!
You slash the merfolk javelineer! You freeze the merfolk javelineer.
The merfolk javelineer is heavily wounded.
You hit the merfolk. You freeze the merfolk.
The merfolk hits you but does no damage.
You block the merfolk's attack.
The merfolk javelineer throws a silver javelin.
The silver javelin pierces through you. You block the merfolk's attack.
28893 ||| READING 6 scrolls of teleportation.
As you read the scroll of teleportation, it crumbles to dust.
You feel strangely unstable. The merfolk hits you with a +0 trident!
The merfolk javelineer throws a silver javelin.
The silver javelin pierces through you!
You die...

#......PP~~
####.~~..PPP~~
##....~PPPPP~~~
#....~...PPPP~~
.....~~PPPP~~ ~~~[.
.:.~~PPP~~~ ~~~~..#
#.m..PP~~~ ~~~~~~..#
##@....~~. ~~~~~~~~..
#))mc.~~~.
~~~~~~~~.###.cm....~~
~~~~~~~~~~~..))))~..#?~.
~~~~~~~~~~~~~.)...c.# ..
~~~~~~~~~~~~~......c...~
~~~~~~~~~~~~~~~.~~.....
~~~~~~~~~~~~~~~.~~..P..
~~~~~~~~~~~~~~~~~~~~~~.


You could see a merfolk javelineer, 2 merfolk and 4 fauns.

Vanquished Creatures
  Jorgrun (D:13)
  Frances (D:12)
  A kraken (Shoals:2)
  Roxanne (Shoals:1)
  Azrael (D:12)
  An ettin (D:15)
  3 merfolk impalers
  3 boulder beetles
  3 hydras
  Harold (Orc:1)
  3 merfolk avatars
  An ogre mage (D:15)
  4 centaur warriors
  A satyr (Shoals:2)
  6 two-headed ogres
  8 orc high priests
  A sun demon (Lair:5)
  A deep troll (D:15)
  8 sea snakes
  A swamp dragon (shapeshifter) (D:12)
  2 wizards
  Lodul (D:12)
  An orc knight (Orc:2)
  Pikel (D:6)
  13 harpies
  4 deep elf pyromancers
  5 ugly things
  2 necromancers
  12 fauns
  An oklob plant (Lair:5)
  An orc sorcerer (Orc:1)
  8 cyclopes
  A salamander (Lair:4)
  8 elephants
  4 merfolk sirens
  A water nymph (Shoals:1)
  11 manticores
  5 black mambas
  2 gargoyles (D:12)
  9 cane toads
  A torpor snail (shapeshifter) (D:13)
  A kobold demonologist (D:12)
  3 rime drakes
  Psyche (D:8)
  4 komodo dragons
  An efreet (D:11)
  2 ice devils (Lair:5)
  A polar bear (Lair:5)
  17 merfolk
  A hellwing (Lair:5)
  2 red devils (Lair:5)
  A troll (shapeshifter) (D:15)
  3 meliai (D:13)
  7 trolls
  2 hornets
  6 wind drakes
  28 blink frogs
  4 slime creatures (D:12)
  3 snapping turtles (Shoals:1)
  10 dream sheep
  2 centaur simulacra (D:15)
  2 shadows (D:12)
  A vampire (D:7)
  Sigmund (D:3)
  3 wraiths
  4 wyverns
  33 yaks
  3 water elementals
  4 fire elementals
  4 fire bats (Lair:4)
  3 basilisks
  A hog (shapeshifter) (D:13)
  3 steam dragons
  Grum (D:8)
  20 vampire mosquitoes
  Menkaure (D:7)
  3 nagas (Lair:3)
  6 wargs
  12 water moccasins
  Duvessa (D:6)
  8 hell hounds
  An acid dragon (D:10)
  16 orc warriors
  5 ice beasts
  A black bear (D:5)
  2 sky beasts
  18 ogres
  10 wolves
  9 centaurs
  3 kobold brigands
  2 gnoll sergeants
  11 bullfrogs
  8 wights
  Dowan (D:6)
  8 killer bees
  An electric eel (Lair:1)
  5 jellies
  3 hounds
  An iron imp (D:9)
  45 orc priests
  5 iguanas
  Jessica (D:3)
  Natasha (thrice) (D:3)
  25 orc wizards
  12 hell rats
  Terence (D:3)
  8 gnolls
  9 adders
  A shadow imp (D:5)
  A white imp (D:5)
  2 ufetubi
  3 worms
  A dart slug (D:4)
  113 orcs
  4 endoplasms
  5 giant cockroaches
  7 goblins
  2 hobgoblins
  5 jackals (D:1)
  4 quokkas
  8 ball pythons
  8 bats
  4 frilled lizards
  21 kobolds
  6 rats
  A butterfly (Lair:2)
  A tentacle (Shoals:2)
767 creatures vanquished.

Vanquished Creatures (collateral kills)
  3 hydras
  2 boulder beetles
  A tengu warrior (D:15)
  A harpy (Shoals:1)
  A manticore (Lair:2)
  A cane toad (Lair:5)
  A komodo dragon (Lair:5)
  A wind drake (Lair:2)
  A blink frog (Lair:2)
  A wyvern (Lair:5)
  A basilisk (Lair:5)
  2 vampire mosquitoes (D:12)
  3 wolves (Lair:5)
19 creatures vanquished.

Vanquished Creatures (others)
  An adder (D:5)
  A ball python (D:2)
  16 fungi
  67 plants
  3 tentacles (Shoals:2)
88 creatures vanquished.

Grand Total: 874 creatures vanquished

Notes
Turn   | Place    | Note
-------+----------+-------------------------------------------
     0 | D:1      | qw the Gargoyle Berserker began the quest for the Orb.
     0 | D:1      | Reached XP level 1. HP: 14/14 MP: 1/1
     0 | D:1      | 0 ||| qw: Version: 0.1-a-103-gd6f5d3a
     0 | D:1      | 0 ||| qw: Game counter: 5781
     0 | D:1      | 0 ||| qw: Always use a shield: true
     0 | D:1      | 0 ||| qw: Do Orc after D:15 true
     0 | D:1      | 0 ||| qw: Do second Lair branch before Depths: true
     0 | D:1      | 0 ||| qw: Lair rune preference: random
     0 | D:1      | 0 ||| qw: Plans: Normal
     0 | D:1      | 0 ||| PLANNING D:1-11
    56 | D:1      | 56 ||| Stepping ~*~*~tactically~*~*~ (stealth).
    61 | D:1      | 61 ||| Stepping ~*~*~tactically~*~*~ (stealth).
    63 | D:1      | 63 ||| Stepping ~*~*~tactically~*~*~ (stealth).
    65 | D:1      | 65 ||| Stepping ~*~*~tactically~*~*~ (stealth).
    73 | D:1      | Reached skill level 3 in Axes
   287 | D:1      | Reached XP level 2. HP: 13/19 MP: 2/2
   405 | D:1      | Found a faded altar of an unknown god.
   415 | D:1      | 415 ||| Stepping ~*~*~tactically~*~*~ (stealth).
   417 | D:1      | 417 ||| Stepping ~*~*~tactically~*~*~ (stealth).
   466 | D:1      | 466 ||| INVOKING Berserk.
   769 | D:1      | Reached XP level 3. HP: 23/23 MP: 3/3
  1257 | D:1      | 1257 ||| DROPPING +0 club.
  1273 | D:1      | Reached ** piety under Trog
  1432 | D:1      | 1432 ||| UPGRADING to +0 ring mail.
  1442 | D:1      | 1442 ||| DROPPING +0 animal skin.
  1443 | D:1      | 1443 ||| UPGRADING to +1 pair of boots.
  1448 | D:1      | 1448 ||| DROPPING +1 robe of positive energy.
  1449 | D:1      | 1449 ||| READING scroll labelled YTAATZ POFAI.
  1450 | D:1      | 1450 ||| READING scroll labelled QALIUC YN YNNU.
  1498 | D:1      | 1498 ||| READING 2 scrolls labelled BAHIVVOERE.
  1499 | D:1      | 1499 ||| READING scroll labelled PARUTW UJAUCW.
  1500 | D:1      | 1500 ||| READING scroll labelled SIZOUJ QAERIY.
  1601 | D:1      | 1601 ||| READING scroll labelled OCYDULUCEG.
  1602 | D:1      | 1602 ||| DRINKING 2 fuming purple potions.
  1603 | D:1      | 1603 ||| DRINKING 2 fizzy orange potions.
  1604 | D:1      | 1604 ||| DROPPING potion of invisibility.
  1627 | D:2      | Found an ancient bone altar of Kikubaaqudgha.
  1921 | D:2      | 1921 ||| Stepping ~*~*~tactically~*~*~ (cloud).
  1922 | D:2      | 1922 ||| UPGRADING to amulet of regeneration.
  1983 | D:2      | 1983 ||| READING 2 scrolls of identify.
  1983 | D:2      | 1983 ||| IDENTIFYING brown potion
  1984 | D:2      | 1984 ||| DROPPING potion of degeneration.
  1985 | D:2      | 1985 ||| Stepping randomly (stuck).
  1995 | D:2      | 1995 ||| Stepping ~*~*~tactically~*~*~ (cloud).
  2143 | D:2      | 2143 ||| Stepping ~*~*~tactically~*~*~ (cloud).
  2197 | D:2      | 2197 ||| INVOKING Berserk.
  2370 | D:2      | 2370 ||| READING scroll labelled SEFAGEA UTHASA.
  2387 | D:3      | Noticed Natasha
  2389 | D:3      | 2389 ||| INVOKING Berserk.
  2394 | D:3      | Killed Natasha
  2395 | D:3      | Reached XP level 4. HP: 28/28 MP: 4/4
  2558 | D:3      | Found Vizeskak's Weapon Shop.
  2562 | D:3      | 2562 ||| SHOPLISTING +5 morningstar of protection (318
                  | gold, have 117).
  2625 | D:3      | Noticed Natasha
  2626 | D:3      | 2626 ||| Stepping ~*~*~tactically~*~*~ (stealth).
  2631 | D:3      | 2631 ||| INVOKING Berserk.
  2633 | D:3      | Killed Natasha
  2793 | D:3      | Noticed Jessica
  2807 | D:3      | Killed Jessica
  2808 | D:3      | Reached XP level 5. HP: 32/32 MP: 5/5
  2838 | D:3      | Noticed Sigmund
  2839 | D:3      | 2839 ||| Stepping ~*~*~tactically~*~*~ (hiding).
  2845 | D:3      | 2845 ||| INVOKING Berserk.
  2857 | D:3      | Killed Sigmund
  2858 | D:3      | Reached XP level 6. HP: 40/40 MP: 6/6
  2972 | D:3      | Identified the +0 helmet of the Intense Slorg {Str+5}
  2982 | D:3      | 2982 ||| DROPPING +0 mace.
  2988 | D:3      | Found a transporter.
  2995 | D:3      | Noticed Terence
  2998 | D:3      | 2998 ||| INVOKING Berserk.
  3001 | D:3      | Killed Terence
  3232 | D:3      | 3232 ||| INVOKING Berserk.
  3351 | D:3      | Noticed a water moccasin
  3355 | D:3      | Noticed qw's ghost (amateur FoCA)
  3366 | D:3      | Found a transporter.
  3459 | D:3      | 3459 ||| Stepping ~*~*~tactically~*~*~ (stealth).
  3567 | D:3      | 3567 ||| Stepping ~*~*~tactically~*~*~ (hiding).
  3568 | D:3      | 3568 ||| Stepping ~*~*~tactically~*~*~ (hiding).
  3574 | D:3      | 3574 ||| INVOKING Berserk.
  3597 | D:3      | Noticed Natasha
  3598 | D:3      | 3598 ||| Stepping ~*~*~tactically~*~*~ (stealth).
  3607 | D:3      | Killed Natasha
  3725 | D:3      | 3725 ||| DROPPING +0 whip of freezing.
  3746 | D:3      | 3746 ||| UPGRADING to +0 helmet of the Intense Slorg
                  | {Str+5}.
  3751 | D:3      | 3751 ||| UPGRADING to +0 scale mail.
  3761 | D:3      | 3761 ||| DROPPING +0 ring mail.
  3762 | D:3      | 3762 ||| UPGRADING to +0 chain mail.
  3772 | D:3      | 3772 ||| DROPPING +0 scale mail.
  3773 | D:3      | 3773 ||| READING scroll labelled GEAMYUXING.
  3777 | D:3      | 3777 ||| READING 2 scrolls labelled VODEBUSCH ZEITU.
  3778 | D:3      | 3778 ||| DRINKING 2 sapphire potions.
  3779 | D:3      | 3779 ||| DROPPING scroll of magic mapping.
  3818 | D:4      | Found Zougic's Antique Weapon Shoppe.
  3828 | D:4      | 3828 ||| SWAPPING to +0 war axe.
  3829 | D:4      | 3829 ||| DROPPING +0 hand axe.
  3889 | D:4      | 3889 ||| Stepping ~*~*~tactically~*~*~ (stealth).
  3900 | D:4      | Reached skill level 6 in Axes
  3900 | D:4      | Reached XP level 7. HP: 42/44 MP: 7/7
  3911 | D:4      | 3911 ||| Stepping ~*~*~tactically~*~*~ (stealth).
  3969 | D:4      | 3969 ||| READING 2 scrolls of enchant armour.
  3969 | D:4      | 3969 ||| ENCHANTING +1 pair of boots.
  4027 | D:4      | 4027 ||| Stepping ~*~*~tactically~*~*~ (hiding).
  4176 | D:4      | 4176 ||| INVOKING Berserk.
  4179 | D:4      | Reached skill level 3 in Armour
  4471 | D:4      | 4471 ||| READING scroll labelled AGASOR XYIBLAM.
  4472 | D:4      | 4472 ||| DRINKING 2 red potions.
  4473 | D:4      | 4473 ||| READING 2 scrolls of identify.
  4473 | D:4      | 4473 ||| IDENTIFYING blue potion
  4474 | D:4      | 4474 ||| DROPPING potion of brilliance.
  4490 | D:5      | Entered Level 5 of the Dungeon
  4520 | D:5      | 4520 ||| Stepping ~*~*~tactically~*~*~ (hiding).
  4521 | D:5      | 4521 ||| Stepping ~*~*~tactically~*~*~ (hiding).
  4583 | D:5      | 4583 ||| INVOKING Berserk.
  4602 | D:5      | 4602 ||| Stepping ~*~*~tactically~*~*~ (stealth).
  4721 | D:5      | 4721 ||| Stepping ~*~*~tactically~*~*~ (stealth).
  4808 | D:5      | Reached skill level 1 in Throwing
  4808 | D:5      | Reached XP level 8. HP: 38/50 MP: 8/8
  5010 | D:5      | 5010 ||| INVOKING Berserk.
  5164 | D:5      | 5164 ||| INVOKING Berserk.
  5169 | D:5      | Reached skill level 6 in Fighting
  5509 | D:5      | 5509 ||| INVOKING Berserk.
  5663 | D:5      | 5663 ||| INVOKING Berserk.
  5665 | D:5      | Reached skill level 9 in Axes
  5665 | D:5      | Reached XP level 9. HP: 55/55 MP: 9/9
  6073 | D:5      | 6073 ||| READING scroll labelled APIUVV NAMA.
  6074 | D:5      | 6074 ||| DRINKING 3 viscous amethyst potions.
  6122 | D:5      | 6122 ||| READING 3 scrolls of identify.
  6122 | D:5      | 6122 ||| IDENTIFYING silvery potion
  6123 | D:5      | 6123 ||| READING 2 scrolls of identify.
  6123 | D:5      | 6123 ||| IDENTIFYING inky potion
  6124 | D:5      | 6124 ||| DROPPING potion of flight.
  6125 | D:5      | 6125 ||| DROPPING 2 potions of lignification.
  6167 | D:6      | Found a runed translucent door.
  6171 | D:6      | 6171 ||| Stepping ~*~*~tactically~*~*~ (stealth).
  6176 | D:6      | Noticed qw's ghost (novice TrCA)
  6353 | D:6      | Reached *** piety under Trog
  6361 | D:6      | 6361 ||| INVOKING Berserk.
  6368 | D:6      | Noticed Pikel
  6378 | D:6      | Killed Pikel
  6390 | D:6      | Noticed Duvessa
  6407 | D:6      | Noticed Dowan
  6412 | D:6      | Killed Duvessa
  6413 | D:6      | Killed Dowan
  6641 | D:6      | Found a runed translucent door.
  6861 | D:6      | 6861 ||| DROPPING amulet of guardian spirit.
  6862 | D:6      | 6862 ||| DROPPING ring of magical power.
  6863 | D:6      | 6863 ||| UPGRADING to +4 ring of protection.
  6864 | D:6      | 6864 ||| DRINKING 2 pink potions.
  6965 | D:6      | 6965 ||| DROPPING potion of ambrosia.
  6986 | D:7      | 6986 ||| INVOKING Berserk.
  7141 | D:7      | 7141 ||| Stepping ~*~*~tactically~*~*~ (hiding).
  7283 | D:7      | Reached XP level 10. HP: 64/64 MP: 10/10
  7300 | D:7      | 7300 ||| Stepping ~*~*~tactically~*~*~ (hiding).
  7306 | D:7      | 7306 ||| INVOKING Berserk.
  7438 | D:7      | 7438 ||| Stepping ~*~*~tactically~*~*~ (stealth).
  7454 | D:7      | 7454 ||| Stepping ~*~*~tactically~*~*~ (hiding).
  7456 | D:7      | 7456 ||| INVOKING Berserk.
  7672 | D:7      | 7672 ||| Stepping ~*~*~tactically~*~*~ (stealth).
  7676 | D:7      | 7676 ||| Stepping ~*~*~tactically~*~*~ (stealth).
  7859 | D:7      | Noticed Menkaure
  7860 | D:7      | 7860 ||| Stepping ~*~*~tactically~*~*~ (hiding).
  7869 | D:7      | 7869 ||| INVOKING Berserk.
  7870 | D:7      | Killed Menkaure
  8074 | D:7      | Found a staircase to the Ecumenical Temple.
  8161 | D:7      | 8161 ||| UPGRADING to +0 plate armour.
  8171 | D:7      | 8171 ||| DROPPING +0 chain mail.
  8172 | D:7      | 8172 ||| READING scroll of enchant armour.
  8172 | D:7      | 8172 ||| ENCHANTING +0 plate armour.
  8173 | D:7      | 8173 ||| READING 5 scrolls of identify.
  8173 | D:7      | 8173 ||| IDENTIFYING amethyst potion
  8174 | D:7      | 8174 ||| READING 4 scrolls of identify.
  8174 | D:7      | 8174 ||| IDENTIFYING sedimented purple potion
  8175 | D:7      | 8175 ||| READING 3 scrolls of identify.
  8175 | D:7      | 8175 ||| IDENTIFYING smoky cyan potion
  8176 | D:7      | 8176 ||| DROPPING potion of attraction.
  8244 | D:8      | 8244 ||| Stepping ~*~*~tactically~*~*~ (hiding).
  8247 | D:8      | 8247 ||| INVOKING Berserk.
  8383 | D:8      | 8383 ||| Stepping ~*~*~tactically~*~*~ (stealth).
  8385 | D:8      | 8385 ||| Stepping ~*~*~tactically~*~*~ (hiding).
  8647 | D:8      | Noticed Psyche
  8648 | D:8      | Noticed Grum
  8649 | D:8      | 8649 ||| INVOKING Berserk.
  8653 | D:8      | Killed Psyche
  8654 | D:8      | Reached skill level 6 in Armour
  8683 | D:8      | Killed Grum
  9064 | D:8      | 9064 ||| UPGRADING to +0 pair of gloves.
  9120 | D:9      | Found a staircase to the Orcish Mines.
  9126 | D:9      | 9126 ||| DRINKING 5 potions of curing.
  9126 | D:9      | 9126 ||| (to cure confusion)
  9127 | D:9      | Reached **** piety under Trog
  9162 | D:9      | Noticed a two-headed ogre
  9169 | D:9      | 9169 ||| INVOKING Berserk.
  9174 | D:9      | Killed a two-headed ogre
  9316 | D:9      | 9316 ||| Stepping ~*~*~tactically~*~*~ (hiding).
  9365 | D:9      | Reached skill level 3 in Throwing
  9447 | D:9      | Reached XP level 11. HP: 64/69 MP: 11/11
  9454 | D:9      | Reached skill level 9 in Fighting
  9470 | D:9      | 9470 ||| Stepping ~*~*~tactically~*~*~ (hiding).
  9573 | D:9      | 9573 ||| INVOKING Berserk.
  9779 | D:9      | Found a hazy altar of Hepliaklqana.
  9987 | D:9      | Reached ***** piety under Trog
 10005 | D:9      | 10005 ||| SWAPPING to +3 war axe.
 10006 | D:9      | 10006 ||| DROPPING +0 war axe.
 10128 | D:9      | 10128 ||| SWAPPING to +4 war axe.
 10129 | D:9      | 10129 ||| DROPPING +3 war axe.
 10198 | D:9      | Found a snail-covered altar of Cheibriados.
 10282 | D:9      | 10282 ||| READING scroll labelled CEICECIOMEON.
 10309 | D:10     | Entered Level 10 of the Dungeon
 10363 | D:10     | 10363 ||| Stepping ~*~*~tactically~*~*~ (hiding).
 10367 | D:10     | 10367 ||| INVOKING Berserk.
 10371 | D:10     | Reached skill level 12 in Axes
 10522 | D:10     | 10522 ||| Stepping ~*~*~tactically~*~*~ (stealth).
 10523 | D:10     | 10523 ||| Stepping ~*~*~tactically~*~*~ (stealth).
 10529 | D:10     | 10529 ||| Stepping ~*~*~tactically~*~*~ (stealth).
 10536 | D:10     | 10536 ||| Stepping ~*~*~tactically~*~*~ (hiding).
 10537 | D:10     | 10537 ||| Stepping ~*~*~tactically~*~*~ (hiding).
 10698 | D:10     | 10698 ||| INVOKING Berserk.
 10817 | D:10     | Noticed qw's ghost (novice TrCA)
 10849 | D:10     | Found a runed translucent door.
 10944 | D:10     | Reached skill level 9 in Armour
 11311 | D:10     | 11311 ||| READING scroll of teleportation.
 11363 | D:11     | 11363 ||| STAIRDANCE
 11400 | D:11     | 11400 ||| STAIRDANCE
 11449 | D:11     | 11449 ||| INVOKING Berserk.
 11580 | D:11     | Found a staircase to the Lair.
 11610 | D:11     | Noticed a four-headed hydra
 11611 | D:11     | 11611 ||| INVOKING Brothers in Arms.
 11613 | D:11     | 11613 ||| SWAPPING to +0 flail.
 11614 | D:11     | 11614 ||| INVOKING Berserk.
 11624 | D:11     | Killed a four-headed hydra
 11632 | D:11     | 11632 ||| SWAPPING to +5 war axe.
 11748 | D:11     | Noticed a two-headed ogre
 11750 | D:11     | 11750 ||| Stepping randomly (stuck).
 11756 | D:11     | 11756 ||| INVOKING Berserk.
 11757 | D:11     | Killed a two-headed ogre
 11796 | D:11     | 11796 ||| Stepping ~*~*~tactically~*~*~ (stealth).
 11797 | D:11     | 11797 ||| Stepping ~*~*~tactically~*~*~ (stealth).
 11799 | D:11     | 11799 ||| Stepping ~*~*~tactically~*~*~ (stealth).
 11800 | D:11     | 11800 ||| Stepping ~*~*~tactically~*~*~ (stealth).
 11801 | D:11     | 11801 ||| Stepping ~*~*~tactically~*~*~ (stealth).
 11802 | D:11     | 11802 ||| Stepping ~*~*~tactically~*~*~ (stealth).
 11804 | D:11     | 11804 ||| Stepping ~*~*~tactically~*~*~ (stealth).
 11805 | D:11     | 11805 ||| Stepping ~*~*~tactically~*~*~ (stealth).
 11806 | D:11     | 11806 ||| Stepping ~*~*~tactically~*~*~ (hiding).
 11830 | D:11     | Noticed a centaur warrior
 11831 | D:11     | 11831 ||| Stepping randomly (stuck).
 11832 | D:11     | 11832 ||| Stepping randomly (stuck).
 11833 | D:11     | 11833 ||| Stepping randomly (stuck).
 11834 | D:11     | Noticed a two-headed ogre
 11840 | D:11     | 11840 ||| Stepping randomly (stuck).
 11841 | D:11     | 11841 ||| Stepping randomly (stuck).
 11843 | D:11     | 11843 ||| FLEEEEING.
 11844 | D:11     | 11844 ||| FLEEEEING.
 11845 | D:11     | 11845 ||| FLEEEEING.
 11850 | D:11     | 11850 ||| FLEEEEING.
 11851 | D:11     | 11851 ||| FLEEEEING.
 11852 | D:11     | 11852 ||| FLEEEEING.
 11853 | D:11     | 11853 ||| FLEEEEING.
 11854 | D:11     | 11854 ||| FLEEEEING.
 11855 | D:11     | 11855 ||| FLEEEEING.
 11856 | D:11     | 11856 ||| FLEEEEING.
 11857 | D:11     | 11857 ||| FLEEEEING.
 11862 | D:11     | 11862 ||| FLEEEEING.
 11868 | D:11     | 11868 ||| FLEEEEING.
 11869 | D:11     | 11869 ||| FLEEEEING.
 11870 | D:11     | 11870 ||| FLEEEEING.
 11871 | D:11     | 11871 ||| FLEEEEING.
 11872 | D:11     | 11872 ||| FLEEEEING.
 11873 | D:11     | 11873 ||| FLEEEEING.
 11874 | D:11     | 11874 ||| FLEEEEING.
 11876 | D:11     | 11876 ||| FLEEEEING.
 11877 | D:11     | 11877 ||| FLEEEEING.
 11878 | D:11     | 11878 ||| FLEEEEING.
 11881 | D:11     | 11881 ||| FLEEEEING.
 11882 | D:11     | 11882 ||| FLEEEEING.
 11883 | D:11     | 11883 ||| FLEEEEING.
 11884 | D:11     | 11884 ||| FLEEEEING.
 11891 | D:11     | 11891 ||| FLEEEEING.
 11895 | D:11     | 11895 ||| INVOKING Berserk.
 12048 | D:11     | 12048 ||| DROPPING scarf of shadows.
 12049 | D:11     | 12049 ||| Stepping randomly (stuck).
 12052 | D:11     | 12052 ||| Stepping randomly (stuck).
 12053 | D:11     | 12053 ||| Stepping randomly (stuck).
 12056 | D:11     | 12056 ||| INVOKING Berserk.
 12058 | D:11     | Killed a two-headed ogre
 12059 | D:11     | Reached XP level 12. HP: 77/77 MP: 12/12
 12156 | D:11     | Killed a centaur warrior
 12186 | D:11     | 12186 ||| Stepping randomly (stuck).
 12187 | D:11     | 12187 ||| Stepping randomly (stuck).
 12188 | D:11     | 12188 ||| Stepping randomly (stuck).
 12189 | D:11     | 12189 ||| Stepping randomly (stuck).
 12205 | D:11     | 12205 ||| Stepping ~*~*~tactically~*~*~ (stealth).
 12206 | D:11     | 12206 ||| Stepping randomly (stuck).
 12207 | D:11     | 12207 ||| Stepping ~*~*~tactically~*~*~ (stealth).
 12208 | D:11     | 12208 ||| Stepping randomly (stuck).
 12272 | D:11     | 12272 ||| INVOKING Berserk.
 12570 | D:11     | 12570 ||| READING 3 scrolls labelled GUNINO JOYNANI.
 12571 | D:11     | 12571 ||| PLANNING LAIR
 12571 | D:11     | 12571 ||| DROPPING 2 scrolls of amnesia.
 12614 | Lair:1   | Entered Level 1 of the Lair of Beasts
 12649 | Lair:1   | 12649 ||| Stepping ~*~*~tactically~*~*~ (stealth).
 12650 | Lair:1   | 12650 ||| INVOKING Berserk.
 12965 | Lair:1   | 12965 ||| INVOKING Berserk.
 13201 | Lair:1   | Noticed a six-headed hydra
 13202 | Lair:1   | 13202 ||| INVOKING Brothers in Arms.
 13204 | Lair:1   | 13204 ||| SWAPPING to +0 flail.
 13206 | Lair:1   | 13206 ||| INVOKING Berserk.
 13208 | Lair:1   | Killed a six-headed hydra
 13213 | Lair:1   | 13213 ||| SWAPPING to +5 war axe.
 13359 | Lair:1   | Identified the +3 chain mail "Zempuev" {Int+2}
 13542 | Lair:1   | 13542 ||| DROPPING +3 chain mail "Zempuev" {Int+2}.
 13570 | Lair:2   | 13570 ||| STAIRDANCE
 13638 | Lair:2   | Identified the +2 robe "Sajexub" {Dex+2}
 13656 | Lair:2   | 13656 ||| Stepping ~*~*~tactically~*~*~ (stealth).
 13667 | Lair:2   | 13667 ||| INVOKING Berserk.
 13787 | Lair:2   | Identified the +7 dagger "Tusozib" {vamp, Will+ Str-5
                  | Dex+7}
 13969 | Lair:2   | 13969 ||| Stepping ~*~*~tactically~*~*~ (stealth).
 13988 | Lair:2   | Noticed a six-headed hydra
 13989 | Lair:2   | 13989 ||| FLEEEEING.
 13992 | Lair:2   | 13992 ||| Stepping ~*~*~tactically~*~*~ (hiding).
 13993 | Lair:2   | 13993 ||| INVOKING Brothers in Arms.
 13994 | Lair:2   | 13994 ||| INVOKING Brothers in Arms.
 13995 | Lair:2   | 13995 ||| INVOKING Brothers in Arms.
 13996 | Lair:2   | 13996 ||| INVOKING Brothers in Arms.
 13996 | Lair:2   | Killed a six-headed hydra
 13997 | Lair:2   | 13997 ||| INVOKING Berserk.
 14139 | Lair:2   | Found a staircase to the Shoals.
 14342 | Lair:2   | 14342 ||| READING scroll labelled REZISO CERE.
 14342 | Lair:2   | Identified a scroll of acquirement
 14342 | Lair:2   | 14342 ||| ACQUIRING 746 gold pieces
 14342 | Lair:2   | Acquired 746 gold pieces
 14383 | Lair:3   | 14383 ||| INVOKING Berserk.
 14400 | Lair:3   | 14400 ||| STAIRDANCE
 14508 | Lair:3   | Found a staircase to the Snake Pit.
 14509 | Lair:3   | 14509 ||| Stepping ~*~*~tactically~*~*~ (hiding).
 14510 | Lair:3   | 14510 ||| Stepping ~*~*~tactically~*~*~ (hiding).
 14538 | Lair:3   | 14538 ||| FLEEEEING.
 14539 | Lair:3   | 14539 ||| FLEEEEING.
 14543 | Lair:3   | 14543 ||| FLEEEEING.
 14544 | Lair:3   | 14544 ||| STAIRDANCE
 14580 | Lair:3   | 14580 ||| Stepping ~*~*~tactically~*~*~ (stealth).
 14585 | Lair:3   | 14585 ||| Stepping ~*~*~tactically~*~*~ (stealth).
 15024 | Lair:3   | 15024 ||| INVOKING Berserk.
 15029 | Lair:3   | Reached XP level 13. HP: 84/84 MP: 13/13
 15443 | Lair:4   | 15443 ||| STAIRDANCE
 15448 | Lair:4   | 15448 ||| STAIRDANCE
 15460 | Lair:4   | Reached skill level 15 in Axes
 15720 | Lair:4   | 15720 ||| INVOKING Berserk.
 15853 | Lair:4   | 15853 ||| Stepping ~*~*~tactically~*~*~ (stealth).
 15855 | Lair:4   | 15855 ||| Stepping ~*~*~tactically~*~*~ (stealth).
 15857 | Lair:4   | 15857 ||| Stepping ~*~*~tactically~*~*~ (stealth).
 15863 | Lair:4   | 15863 ||| Stepping ~*~*~tactically~*~*~ (stealth).
 16357 | Lair:5   | Entered Level 5 of the Lair of Beasts
 16360 | Lair:5   | 16360 ||| STAIRDANCE
 16370 | Lair:5   | 16370 ||| STAIRDANCE
 16372 | Lair:5   | 16372 ||| INVOKING Berserk.
 16376 | Lair:5   | Reached skill level 12 in Fighting
 16381 | Lair:5   | Reached skill level 3 in Dodging
 16403 | Lair:5   | 16403 ||| INVOKING Brothers in Arms.
 16407 | Lair:5   | 16407 ||| INVOKING Brothers in Arms.
 16489 | Lair:5   | 16489 ||| Stepping ~*~*~tactically~*~*~ (stealth).
 16511 | Lair:5   | 16511 ||| INVOKING Berserk.
 16596 | Lair:5   | 16596 ||| INVOKING Berserk.
 16720 | Lair:5   | 16720 ||| Stepping ~*~*~tactically~*~*~ (stealth).
 16773 | Lair:5   | 16773 ||| Stepping ~*~*~tactically~*~*~ (stealth).
 16774 | Lair:5   | 16774 ||| INVOKING Brothers in Arms.
 16775 | Lair:5   | 16775 ||| SWAPPING to +0 flail.
 16777 | Lair:5   | 16777 ||| INVOKING Berserk.
 16801 | Lair:5   | 16801 ||| SWAPPING to +5 war axe.
 16969 | Lair:5   | 16969 ||| INVOKING Berserk.
 17135 | Lair:5   | 17135 ||| Stepping ~*~*~tactically~*~*~ (stealth).
 17223 | Lair:5   | 17223 ||| INVOKING Berserk.
 17400 | Lair:5   | 17400 ||| Stepping ~*~*~tactically~*~*~ (stealth).
 17480 | Lair:5   | 17480 ||| Stepping ~*~*~tactically~*~*~ (stealth).
 17481 | Lair:5   | Found a staircase to the Slime Pits.
 17481 | Lair:5   | Found a viscous altar of Jiyva.
 17483 | Lair:5   | 17483 ||| INVOKING Berserk.
 17490 | Lair:5   | Reached skill level 12 in Armour
 17490 | Lair:5   | Gained mutation: Your large and strong wings let you fly.
                  | [Gargoyle growth]
 17490 | Lair:5   | Reached XP level 14. HP: 92/92 MP: 14/14
 17648 | Lair:5   | 17648 ||| Stepping ~*~*~tactically~*~*~ (stealth).
 17750 | Lair:5   | 17750 ||| Stepping ~*~*~tactically~*~*~ (stealth).
 17791 | Lair:5   | 17791 ||| INVOKING Brothers in Arms.
 17792 | Lair:5   | 17792 ||| INVOKING Brothers in Arms.
 17793 | Lair:5   | 17793 ||| INVOKING Brothers in Arms.
 17794 | Lair:5   | 17794 ||| INVOKING Brothers in Arms.
 17795 | Lair:5   | 17795 ||| SWAPPING to +0 flail.
 17796 | Lair:5   | 17796 ||| INVOKING Berserk.
 17829 | Lair:5   | 17829 ||| SWAPPING to +5 war axe.
 17957 | Lair:5   | 17957 ||| Stepping ~*~*~tactically~*~*~ (stealth).
 17958 | Lair:5   | 17958 ||| Stepping ~*~*~tactically~*~*~ (stealth).
 17959 | Lair:5   | 17959 ||| Stepping ~*~*~tactically~*~*~ (stealth).
 17963 | Lair:5   | 17963 ||| Stepping ~*~*~tactically~*~*~ (hiding).
 18113 | Lair:5   | 18113 ||| Stepping ~*~*~tactically~*~*~ (hiding).
 18116 | Lair:5   | 18116 ||| INVOKING Trog's Hand.
 18225 | Lair:5   | Found a burning altar of Makhleb.
 18261 | Lair:5   | 18261 ||| INVOKING Berserk.
 18281 | Lair:5   | Found a gateway to Hell.
 18281 | Lair:5   | HP: 22/94 [red devil/+0 trident (6)]
 18282 | Lair:5   | 18282 ||| READING 2 scrolls of teleportation.
 18283 | Lair:5   | 18283 ||| DRINKING 6 potions of heal wounds.
 18362 | Lair:5   | 18362 ||| Stepping ~*~*~tactically~*~*~ (stealth).
 18377 | Lair:5   | 18377 ||| Stepping ~*~*~tactically~*~*~ (hiding).
 18381 | Lair:5   | 18381 ||| INVOKING Berserk.
 18398 | Lair:5   | 18398 ||| Stepping ~*~*~tactically~*~*~ (stealth).
 18403 | Lair:5   | 18403 ||| Stepping ~*~*~tactically~*~*~ (stealth).
 18509 | Lair:5   | 18509 ||| INVOKING Berserk.
 18624 | Lair:5   | 18624 ||| READING scroll of enchant weapon.
 18624 | Lair:5   | 18624 ||| ENCHANTING +5 war axe.
 18638 | Lair:5   | 18638 ||| PLANNING D
 18638 | Lair:5   | 18638 ||| UPGRADING to +6 ring of strength.
 18639 | Lair:5   | 18639 ||| DRINKING 2 smoky black potions.
 18743 | Lair:5   | 18743 ||| DROPPING potion of berserk rage.
 18883 | D:12     | 18883 ||| Stepping ~*~*~tactically~*~*~ (stealth).
 18934 | D:12     | 18934 ||| INVOKING Berserk.
 19121 | D:12     | Noticed Azrael
 19122 | D:12     | 19122 ||| Stepping ~*~*~tactically~*~*~ (hiding).
 19146 | D:12     | 19146 ||| Stepping ~*~*~tactically~*~*~ (hiding).
 19147 | D:12     | 19147 ||| INVOKING Berserk.
 19156 | D:12     | Killed Azrael
 19295 | D:12     | 19295 ||| Stepping ~*~*~tactically~*~*~ (stealth).
 19349 | D:12     | 19349 ||| Stepping ~*~*~tactically~*~*~ (stealth).
 19359 | D:12     | 19359 ||| Stepping ~*~*~tactically~*~*~ (hiding).
 19493 | D:12     | Noticed Lodul
 19494 | D:12     | 19494 ||| Stepping ~*~*~tactically~*~*~ (stealth).
 19495 | D:12     | 19495 ||| Stepping ~*~*~tactically~*~*~ (stealth).
 19511 | D:12     | Killed Lodul
 19627 | D:12     | 19627 ||| Stepping ~*~*~tactically~*~*~ (hiding).
 19649 | D:12     | Noticed Frances
 19650 | D:12     | 19650 ||| Stepping ~*~*~tactically~*~*~ (hiding).
 19653 | D:12     | 19653 ||| INVOKING Brothers in Arms.
 19654 | D:12     | 19654 ||| INVOKING Brothers in Arms.
 19655 | D:12     | 19655 ||| INVOKING Berserk.
 19664 | D:12     | Killed Frances
 19787 | D:12     | 19787 ||| DROPPING +0 flail.
 19788 | D:12     | Found a large runed translucent door.
 19789 | D:12     | Found a large runed translucent door.
 19793 | D:12     | Found a large runed translucent door.
 19793 | D:12     | Found a large runed translucent door.
 19814 | D:12     | 19814 ||| Stepping ~*~*~tactically~*~*~ (stealth).
 19816 | D:12     | 19816 ||| Stepping ~*~*~tactically~*~*~ (stealth).
 19855 | D:12     | 19855 ||| Stepping ~*~*~tactically~*~*~ (stealth).
 19858 | D:12     | 19858 ||| FLEEEEING.
 19860 | D:12     | 19860 ||| FLEEEEING.
 19911 | D:12     | 19911 ||| Stepping ~*~*~tactically~*~*~ (stealth).
 19965 | D:12     | 19965 ||| FLEEEEING.
 19973 | D:12     | 19973 ||| Stepping ~*~*~tactically~*~*~ (stealth).
 19977 | D:12     | 19977 ||| FLEEEEING.
 19978 | D:12     | 19978 ||| FLEEEEING.
 19979 | D:12     | 19979 ||| FLEEEEING.
 19980 | D:12     | 19980 ||| FLEEEEING.
 19981 | D:12     | 19981 ||| FLEEEEING.
 19982 | D:12     | 19982 ||| FLEEEEING.
 19987 | D:12     | 19987 ||| FLEEEEING.
 19988 | D:12     | 19988 ||| FLEEEEING.
 19989 | D:12     | 19989 ||| FLEEEEING.
 19990 | D:12     | 19990 ||| FLEEEEING.
 19991 | D:12     | 19991 ||| FLEEEEING.
 19992 | D:12     | 19992 ||| FLEEEEING.
 19993 | D:12     | 19993 ||| STAIRDANCE
 20053 | D:12     | 20053 ||| STAIRDANCE
 20147 | D:12     | Found the +3 giant club "Skullcrusher" {speed, Str+7}
 20344 | D:12     | 20344 ||| READING 2 scrolls of teleportation.
 20406 | D:13     | Noticed Jorgrun
 20407 | D:13     | 20407 ||| INVOKING Brothers in Arms.
 20412 | D:13     | 20412 ||| INVOKING Berserk.
 20421 | D:13     | Killed Jorgrun
 20610 | D:13     | 20610 ||| FLEEEEING.
 20611 | D:13     | 20611 ||| FLEEEEING.
 20612 | D:13     | 20612 ||| INVOKING Berserk.
 20919 | D:13     | 20919 ||| Stepping ~*~*~tactically~*~*~ (hiding).
 20931 | D:13     | 20931 ||| Stepping ~*~*~tactically~*~*~ (hiding).
 20941 | D:13     | 20941 ||| Stepping ~*~*~tactically~*~*~ (stealth).
 21061 | D:13     | Reached skill level 15 in Fighting
 21124 | D:13     | 21124 ||| FLEEEEING.
 21125 | D:13     | 21125 ||| FLEEEEING.
 21126 | D:13     | 21126 ||| FLEEEEING.
 21127 | D:13     | 21127 ||| FLEEEEING.
 21128 | D:13     | 21128 ||| FLEEEEING.
 21129 | D:13     | 21129 ||| FLEEEEING.
 21130 | D:13     | 21130 ||| FLEEEEING.
 21131 | D:13     | 21131 ||| FLEEEEING.
 21136 | D:13     | 21136 ||| FLEEEEING.
 21137 | D:13     | 21137 ||| FLEEEEING.
 21144 | D:13     | 21144 ||| FLEEEEING.
 21145 | D:13     | 21145 ||| FLEEEEING.
 21147 | D:13     | 21147 ||| FLEEEEING.
 21238 | D:13     | 21238 ||| READING scroll labelled FUDIAL UQEQ.
 21340 | D:14     | 21340 ||| FLEEEEING.
 21341 | D:14     | 21341 ||| FLEEEEING.
 21350 | D:14     | 21350 ||| FLEEEEING.
 21385 | D:14     | Reached XP level 15. HP: 103/103 MP: 15/15
 21412 | D:14     | 21412 ||| READING scroll of enchant armour.
 21412 | D:14     | 21412 ||| ENCHANTING +0 pair of gloves.
 21443 | D:14     | Found a portal to a secret trove of treasure.
 21662 | D:14     | Found a gate to the Vaults.
 21778 | D:14     | Received a gift from Trog
 21940 | D:14     | 21940 ||| READING scroll labelled LUWIUS XOOSOHO.
 21987 | D:15     | Entered Level 15 of the Dungeon
 22064 | D:15     | Found a transporter.
 22073 | D:15     | Noticed Ywyitsex's ghost (journeyman TrCA)
 22084 | D:15     | Found a transporter.
 22085 | D:15     | Identified the ring "Ciytuus" {Will- EV+4 Dex+3 SInv}
 22099 | D:15     | 22099 ||| INVOKING Berserk.
 22119 | D:15     | 22119 ||| INVOKING Trog's Hand.
 22218 | D:15     | 22218 ||| Stepping ~*~*~tactically~*~*~ (stealth).
 22222 | D:15     | 22222 ||| INVOKING Berserk.
 22248 | D:15     | 22248 ||| INVOKING Brothers in Arms.
 22331 | D:15     | Identified the +3 whip "Leteab" {elec, Str+2}
 22426 | D:15     | Found a frozen archway.
 22461 | D:15     | Found a staircase to the Depths.
 22565 | D:15     | 22565 ||| Stepping ~*~*~tactically~*~*~ (stealth).
 22568 | D:15     | 22568 ||| Stepping ~*~*~tactically~*~*~ (stealth).
 22695 | D:15     | 22695 ||| Stepping ~*~*~tactically~*~*~ (hiding).
 22696 | D:15     | 22696 ||| Stepping ~*~*~tactically~*~*~ (hiding).
 22697 | D:15     | 22697 ||| Stepping ~*~*~tactically~*~*~ (hiding).
 22699 | D:15     | 22699 ||| Stepping ~*~*~tactically~*~*~ (hiding).
 22726 | D:15     | 22726 ||| SWAPPING to +1 vampiric morningstar.
 22727 | D:15     | 22727 ||| INVOKING Berserk.
 22737 | D:15     | 22737 ||| SWAPPING to +6 war axe of electrocution.
 23042 | D:15     | 23042 ||| INVOKING Trog's Hand.
 23048 | D:15     | 23048 ||| INVOKING Berserk.
 23322 | D:15     | 23322 ||| PLANNING ORC
 23322 | D:15     | 23322 ||| UPGRADING to +1 kite shield of protection.
 23456 | Orc:1    | Entered Level 1 of the Orcish Mines
 23457 | Orc:1    | 23457 ||| INVOKING Trog's Hand.
 23463 | Orc:1    | 23463 ||| INVOKING Berserk.
 23467 | Orc:1    | Reached skill level 1 in Shields
 23538 | Orc:1    | 23538 ||| Stepping ~*~*~tactically~*~*~ (hiding).
 23556 | Orc:1    | 23556 ||| Stepping ~*~*~tactically~*~*~ (hiding).
 23558 | Orc:1    | 23558 ||| Stepping ~*~*~tactically~*~*~ (stealth).
 23561 | Orc:1    | 23561 ||| Stepping ~*~*~tactically~*~*~ (stealth).
 23758 | Orc:2    | Entered Level 2 of the Orcish Mines
 23803 | Orc:2    | 23803 ||| Stepping ~*~*~tactically~*~*~ (stealth).
 23804 | Orc:2    | 23804 ||| FLEEEEING.
 23805 | Orc:2    | 23805 ||| Stepping ~*~*~tactically~*~*~ (stealth).
 23821 | Orc:2    | Reached skill level 3 in Shields
 23823 | Orc:2    | 23823 ||| Stepping ~*~*~tactically~*~*~ (hiding).
 23826 | Orc:2    | 23826 ||| INVOKING Berserk.
 23847 | Orc:2    | 23847 ||| FLEEEEING.
 23848 | Orc:2    | 23848 ||| FLEEEEING.
 23849 | Orc:2    | 23849 ||| FLEEEEING.
 23850 | Orc:2    | 23850 ||| FLEEEEING.
 23854 | Orc:2    | 23854 ||| STAIRDANCE
 24018 | Orc:2    | 24018 ||| Stepping ~*~*~tactically~*~*~ (stealth).
 24031 | Orc:2    | 24031 ||| Stepping ~*~*~tactically~*~*~ (hiding).
 24046 | Orc:2    | 24046 ||| Stepping ~*~*~tactically~*~*~ (hiding).
 24057 | Orc:2    | 24057 ||| FLEEEEING.
 24058 | Orc:2    | 24058 ||| FLEEEEING.
 24059 | Orc:2    | 24059 ||| FLEEEEING.
 24060 | Orc:2    | 24060 ||| FLEEEEING.
 24061 | Orc:2    | 24061 ||| FLEEEEING.
 24062 | Orc:2    | 24062 ||| FLEEEEING.
 24063 | Orc:2    | 24063 ||| FLEEEEING.
 24067 | Orc:2    | 24067 ||| Stepping ~*~*~tactically~*~*~ (hiding).
 24102 | Orc:2    | 24102 ||| Stepping ~*~*~tactically~*~*~ (hiding).
 24113 | Orc:2    | 24113 ||| Stepping ~*~*~tactically~*~*~ (hiding).
 24129 | Orc:2    | 24129 ||| INVOKING Berserk.
 24162 | Orc:2    | 24162 ||| Stepping ~*~*~tactically~*~*~ (stealth).
 24163 | Orc:2    | 24163 ||| Stepping ~*~*~tactically~*~*~ (stealth).
 24261 | Orc:2    | Found Wikot's Magic Scroll Shop.
 24261 | Orc:2    | Found Keha Nyu's Magic Scroll Shoppe.
 24267 | Orc:2    | 24267 ||| BUYING scroll of enchant armour (90 gold).
 24267 | Orc:2    | Bought a scroll of enchant armour for 90 gold pieces
 24267 | Orc:2    | 24267 ||| BUYING scroll of enchant armour (90 gold).
 24267 | Orc:2    | Bought a scroll of enchant armour for 90 gold pieces
 24267 | Orc:2    | 24267 ||| BUYING scroll of enchant armour (90 gold).
 24267 | Orc:2    | Bought a scroll of enchant armour for 90 gold pieces
 24267 | Orc:2    | 24267 ||| READING 3 scrolls of enchant armour.
 24267 | Orc:2    | 24267 ||| ENCHANTING +1 pair of gloves.
 24268 | Orc:2    | 24268 ||| READING 2 scrolls of enchant armour.
 24268 | Orc:2    | 24268 ||| ENCHANTING +1 plate armour.
 24269 | Orc:2    | 24269 ||| READING scroll of enchant armour.
 24269 | Orc:2    | 24269 ||| ENCHANTING +2 plate armour.
 24279 | Orc:2    | 24279 ||| BUYING scroll of brand weapon (104 gold).
 24279 | Orc:2    | Bought a scroll of brand weapon for 104 gold pieces
 24279 | Orc:2    | 24279 ||| BUYING scroll of teleportation (33 gold).
 24279 | Orc:2    | Bought a scroll of teleportation for 33 gold pieces
 24279 | Orc:2    | 24279 ||| READING scroll of brand weapon.
 24279 | Orc:2    | 24279 ||| BRANDING +6 war axe of electrocution.
 24314 | Orc:2    | Found a staircase to the Elven Halls.
 24583 | Orc:2    | 24583 ||| INVOKING Berserk.
 24778 | Orc:2    | Found Ettulut's Magic Scroll Shop.
 24784 | Orc:2    | 24784 ||| INVOKING Berserk.
 24787 | Orc:2    | Reached skill level 6 in Shields
 24926 | Orc:2    | 24926 ||| BUYING scroll of enchant weapon (82 gold).
 24926 | Orc:2    | Bought a scroll of enchant weapon for 82 gold pieces
 24926 | Orc:2    | 24926 ||| BUYING scroll of teleportation (33 gold).
 24926 | Orc:2    | Bought a scroll of teleportation for 33 gold pieces
 24926 | Orc:2    | 24926 ||| READING scroll of enchant weapon.
 24926 | Orc:2    | 24926 ||| ENCHANTING +6 war axe of freezing.
 24931 | Orc:2    | Found Xoaptih's Assorted Antiques.
 24933 | Orc:2    | 24933 ||| INVOKING Berserk.
 25059 | Orc:2    | 25059 ||| BUYING potion of curing (87 gold).
 25059 | Orc:2    | Bought a potion of curing for 87 gold pieces
 25114 | Orc:2    | 25114 ||| Stepping ~*~*~tactically~*~*~ (hiding).
 25115 | Orc:2    | 25115 ||| Stepping ~*~*~tactically~*~*~ (hiding).
 25118 | Orc:2    | 25118 ||| Stepping ~*~*~tactically~*~*~ (hiding).
 25119 | Orc:2    | 25119 ||| Stepping ~*~*~tactically~*~*~ (hiding).
 25120 | Orc:2    | 25120 ||| Stepping ~*~*~tactically~*~*~ (hiding).
 25415 | Orc:1    | Noticed Harold
 25430 | Orc:1    | Killed Harold
 25436 | Orc:1    | 25436 ||| Stepping ~*~*~tactically~*~*~ (hiding).
 25596 | Orc:1    | 25596 ||| Stepping ~*~*~tactically~*~*~ (hiding).
 25597 | Orc:1    | 25597 ||| Stepping ~*~*~tactically~*~*~ (hiding).
 25598 | Orc:1    | 25598 ||| Stepping ~*~*~tactically~*~*~ (hiding).
 25599 | Orc:1    | 25599 ||| Stepping ~*~*~tactically~*~*~ (hiding).
 25600 | Orc:1    | 25600 ||| Stepping ~*~*~tactically~*~*~ (hiding).
 25601 | Orc:1    | 25601 ||| Stepping ~*~*~tactically~*~*~ (hiding).
 25602 | Orc:1    | 25602 ||| Stepping ~*~*~tactically~*~*~ (hiding).
 25603 | Orc:1    | 25603 ||| Stepping ~*~*~tactically~*~*~ (hiding).
 25604 | Orc:1    | 25604 ||| Stepping ~*~*~tactically~*~*~ (hiding).
 25714 | Orc:1    | 25714 ||| Stepping ~*~*~tactically~*~*~ (stealth).
 25715 | Orc:1    | 25715 ||| Stepping ~*~*~tactically~*~*~ (stealth).
 25716 | Orc:1    | 25716 ||| Stepping ~*~*~tactically~*~*~ (stealth).
 25718 | Orc:1    | 25718 ||| Stepping ~*~*~tactically~*~*~ (stealth).
 25798 | Orc:1    | 25798 ||| PLANNING SHOALS:1-3
 25798 | Orc:1    | 25798 ||| DRINKING 2 yellow potions.
 25799 | Orc:1    | 25799 ||| DROPPING potion of magic.
 25950 | Shoals:1 | Entered Level 1 of the Shoals
 25952 | Shoals:1 | 25952 ||| INVOKING Berserk.
 26040 | Shoals:1 | 26040 ||| INVOKING Berserk.
 26122 | Shoals:1 | 26122 ||| Stepping ~*~*~tactically~*~*~ (hiding).
 26138 | Shoals:1 | 26138 ||| INVOKING Berserk.
 26287 | Shoals:1 | Identified Roxanne's Grimoire of the Figure
 26287 | Shoals:1 | Noticed Roxanne
 26288 | Shoals:1 | 26288 ||| INVOKING Brothers in Arms.
 26295 | Shoals:1 | 26295 ||| INVOKING Brothers in Arms.
 26296 | Shoals:1 | 26296 ||| INVOKING Brothers in Arms.
 26301 | Shoals:1 | Reached skill level 9 in Shields
 26301 | Shoals:1 | Reached XP level 16. HP: 79/110 MP: 16/16
 26307 | Shoals:1 | 26307 ||| INVOKING Berserk.
 26319 | Shoals:1 | Killed Roxanne
 26522 | Shoals:1 | 26522 ||| INVOKING Trog's Hand.
 26526 | Shoals:1 | 26526 ||| INVOKING Berserk.
 26665 | Shoals:1 | 26665 ||| Stepping ~*~*~tactically~*~*~ (hiding).
 26666 | Shoals:1 | 26666 ||| Stepping ~*~*~tactically~*~*~ (hiding).
 26669 | Shoals:1 | 26669 ||| Stepping ~*~*~tactically~*~*~ (hiding).
 27258 | Shoals:1 | 27258 ||| Stepping ~*~*~tactically~*~*~ (hiding).
 27259 | Shoals:1 | 27259 ||| Stepping ~*~*~tactically~*~*~ (hiding).
 27264 | Shoals:1 | 27264 ||| INVOKING Trog's Hand.
 27266 | Shoals:1 | 27266 ||| INVOKING Berserk.
 27509 | Shoals:1 | 27509 ||| READING 15 scrolls of identify.
 27509 | Shoals:1 | 27509 ||| IDENTIFYING bubbling amethyst potion
 27660 | Shoals:2 | 27660 ||| Stepping ~*~*~tactically~*~*~ (stealth).
 27662 | Shoals:2 | 27662 ||| Stepping ~*~*~tactically~*~*~ (stealth).
 27669 | Shoals:2 | 27669 ||| FLEEEEING.
 27721 | Shoals:2 | 27721 ||| INVOKING Trog's Hand.
 27814 | Shoals:2 | Reached skill level 12 in Shields
 28132 | Shoals:2 | Noticed a kraken
 28138 | Shoals:2 | Killed a kraken
 28384 | Shoals:2 | 28384 ||| READING scroll labelled YMEAVANWOL.
 28404 | Shoals:1 | 28404 ||| READING 7 scrolls of teleportation.
 28581 | Shoals:3 | 28581 ||| INVOKING Trog's Hand.
 28582 | Shoals:3 | 28582 ||| INVOKING Brothers in Arms.
 28583 | Shoals:3 | 28583 ||| INVOKING Brothers in Arms.
 28590 | Shoals:3 | 28590 ||| INVOKING Berserk.
 28707 | Shoals:3 | 28707 ||| Stepping ~*~*~tactically~*~*~ (hiding).
 28709 | Shoals:3 | 28709 ||| Stepping ~*~*~tactically~*~*~ (hiding).
 28841 | Shoals:3 | 28841 ||| Stepping ~*~*~tactically~*~*~ (hiding).
 28843 | Shoals:3 | 28843 ||| Stepping ~*~*~tactically~*~*~ (hiding).
 28864 | Shoals:3 | 28864 ||| INVOKING Berserk.
 28892 | Shoals:3 | HP: 27/110 [merfolk javelineer/silver javelin (1)]
 28893 | Shoals:3 | 28893 ||| READING 6 scrolls of teleportation.
 28893 | Shoals:3 | HP: 13/110 [merfolk/+0 trident[a merfolk javelineer] (15)]
 28893 | Shoals:3 | HP: 3/110 [merfolk javelineer/silver javelin (10)]
 28893 | Shoals:3 | Hit by a silver javelin thrown by a merfolk javelineer

Levels and vault maps discovered:
D:1:      wander_arrival_estate, layout_basic, basic_ecumenical_altar
D:2:      layout_loops_cross, basic_altar, lemuel_old_faithful
D:3:      layout_loops_cross, serial_shops, shop, gammafunk_ghost_arena,
          uniq_terence, uniq_natasha, uniq_sigmund, uniq_jessica
D:4:      layout_rooms, serial_shops, nicolae_shop_stone
D:5:      cheibrodos_barr_body, layout_loops_corners
D:6:      layout_loops_ring, ebering_ghost_sewer_f, uniq_pikel, uniq_duvessa
D:7:      layout_loops_ring, minmay_temple_entry_statues_pillars,
          corexii_leaking_fountain, st_stairs_10, minivault_11, uniq_menkaure
D:8:      layout_basic, uniq_psyche, uniq_grum
D:9:      layout_roguey, slow_altar_2, mainiacjoe_overflow_boulevard,
          minmay_orc_entry_temple_small, hangedman_corner_corridor
D:10:     layout_irregular_city, hellmonk_ghost_happy_afterlife
D:11:     layout_rooms, lair_entry_dummy, minmay_crystal_room,
          minmay_mirror_moons_of_madness
D:12:     layout_basic, minmay_hollow_rounded_squares, uniq_lodul, uniq_frances,
          uniq_azrael
D:13:     layout_small_grid, special_room [special_room_orc], uniq_jorgrun
D:14:     layout_roguey, david_vaults_1, chequers_mini_garden,
          nicolae_trove_entry_isolated, chequers_serial_rivers_micro_b
D:15:     hangedman_depths_entry_civil_slaughter, layout_long_grid,
          portal_ice_cave_entry_pillars_1, nzn_ghost_randoct
Lair:1:   layout_regular_city, infiniplex_staircase_pool, grunt_megastairs_4
Lair:2:   layout_misc_corridors, minmay_shoals_entry_beasts, st_stairs_8,
          serial_bayou_shore_b, lemuel_fruit_fields, grunt_megastairs_2
Lair:3:   layout_loops_ring, guppyfry_snake_entry_island
Lair:4:   layout_gridlike, nicolae_quartered_pool_impasse, lemuel_fruit_fields,
          serial_bayou_shore_b
Lair:5:   evil_forest, layout_cave_shapes, slime_entry_1
Shoals:1: layout_shoals, uniq_roxanne
Shoals:2: layout_shoals
Shoals:3: layout_shoals
Orc:1:    layout_caves, uniq_harold
Orc:2:    st_orc_town, layout_caves, rock_pile

Skill      XL: |  1  2  3  4  5  6  7  8  9 10 11 12 13 14 15 16 |
---------------+-------------------------------------------------+-----
Axes           | 3 4 5 6 7 9 10 11 12 14 16 | 16.0
Fighting       | 5 6 8 10 11 12 15 16 | 16.0
Armour         | 3 4 5 8 9 10 12 13 14 | 14.6
Throwing       | 1 2 4 5 |  5.3
Dodging        | 2 3 4 |  4.0
Shields        | 9 13 | 13.9

Action                   |  1- 3 |  4- 6 |  7- 9 | 10-12 | 13-15 | 16-18 || total
-------------------------+-------+-------+-------+-------+-------+-------++-------
Melee: Hand axe          |   115 |   101 |       |       |       |       ||   216
       Punch             |     1 |     2 |     3 |     5 |    10 |       ||    21
       War axe           |       |    15 |   278 |   579 |  1070 |   293 ||  2235
       Unarmed           |       |       |       |    12 |       |       ||    12
       Flail             |       |       |       |    12 |    29 |       ||    41
       Morningstar       |       |       |       |       |     4 |       ||     4
Throw: Boomerang         |    12 |    37 |    59 |    92 |    76 |     7 ||   283
       Javelin           |       |       |       |    29 |     2 |       ||    31
Invok: Berserk           |     3 |     5 |     8 |    22 |    30 |     5 ||    73
       Brothers in Arms  |       |       |       |     3 |     9 |     2 ||    14
       Trog's Hand       |       |       |       |       |     4 |     4 ||     8
  Use: Scroll            |     8 |     2 |     6 |     8 |    11 |     4 ||    39
       Potion            |     2 |     1 |     3 |     1 |     3 |       ||    10
Armor: Animal skin       |    23 |       |       |       |       |       ||    23
       Ring mail         |    19 |    33 |       |       |       |       ||    52
       Chain mail        |       |    15 |   201 |    27 |       |       ||   243
       Plate armour      |       |       |       |   379 |   749 |   207 ||  1335
       Skin              |       |       |       |     6 |       |       ||     6
Dodge: Dodged            |    69 |    57 |   128 |   203 |   440 |    98 ||   995
Block: Kite shield       |       |       |       |       |    98 |   170 ||   268

Table legend:
 A = Non-vault XP
 B = Vault XP
 C = Vault XP percentage of total XP
 D = Non-vault monster count
 E = Vault monster count
 F = Vault count percentage of total count
                 A         B        C        D         E       F
            +---------+---------+-------+---------+---------+-------
      Total |  117835 |   48741 |  29.3 |     574 |     211 |  26.9
            +---------+---------+-------+---------+---------+-------
        D:1 |      49 |       0 |   0.0 |      30 |       0 |   0.0
        D:2 |      21 |       0 |   0.0 |      12 |       0 |   0.0
        D:3 |     202 |     320 |  61.3 |      20 |       4 |  16.7
        D:4 |     204 |       0 |   0.0 |      16 |       0 |   0.0
        D:5 |     954 |     768 |  44.6 |      22 |      13 |  37.1
        D:6 |     823 |     860 |  51.1 |      16 |       3 |  15.8
        D:7 |    1242 |     215 |  14.8 |      27 |       3 |  10.0
        D:8 |     364 |     903 |  71.3 |      13 |       5 |  27.8
        D:9 |    3197 |    2192 |  40.7 |      37 |      18 |  32.7
       D:10 |    2753 |       0 |   0.0 |      22 |       0 |   0.0
       D:11 |    1749 |    3019 |  63.3 |      15 |       6 |  28.6
       D:12 |    6205 |    9500 |  60.5 |      23 |      29 |  55.8
       D:13 |    3594 |    2691 |  42.8 |       8 |      21 |  72.4
       D:14 |    4139 |     930 |  18.3 |      14 |       2 |  12.5
       D:15 |   11168 |    4077 |  26.7 |      22 |       6 |  21.4
     Lair:1 |    2235 |    1906 |  46.0 |       6 |       7 |  53.8
     Lair:2 |    2063 |    2162 |  51.2 |      10 |       5 |  33.3
     Lair:3 |    4268 |     482 |  10.1 |      18 |       3 |  14.3
     Lair:4 |    6866 |       0 |   0.0 |      24 |       0 |   0.0
     Lair:5 |   13786 |    8348 |  37.7 |      60 |      25 |  29.4
   Shoals:1 |   18776 |    1360 |   6.8 |      35 |       1 |   2.8
   Shoals:2 |   14611 |       0 |   0.0 |      29 |       0 |   0.0
   Shoals:3 |   12304 |       0 |   0.0 |      24 |       0 |   0.0
      Orc:1 |    3525 |     865 |  19.7 |      43 |       1 |   2.3
      Orc:2 |    2737 |    8143 |  74.8 |      28 |      59 |  67.8
            +---------+---------+-------+---------+---------+-------
